 Dungeon Sprint DCSS version 0.27-a0-54-g64bdb92e38 (webtiles) character file.

Game seed: 15160841444420483315

8 tatocazan the Gusty (level 2, -7/15 HPs)
             Began as a Deep Elf Air Elementalist on Jan 7, 2021.
             Was an Initiate of Sif Muna.
             Mangled by a merfolk
             ... wielding a +0 trident
              (17 damage)
             ... in the Dungeon (Sprint V: "Ziggurat Sprint").
             The game lasted 00:01:38 (108 turns).

tatocazan the Gusty (Deep Elf Air Elementalist)      Turns: 108, Time: 00:01:39

Health: -7/15      AC:  2    Str:  5    XL:     2   Next: 0%
Magic:  16/17      EV: 13    Int: 37    God:    Sif Muna [......]
Gold:   0          SH:  0    Dex: 15    Spells: 10/13 levels left

rFire    . . .     SeeInvis .   D - +6 Majin-Bo {vamp, MP+6 Int+6}
rCold    . . .     Faith    .   (shield currently unavailable)
rNeg     . . .     Spirit   .   a - +0 robe
rPois    .         Reflect  .   (no helmet)
rElec    .         Harm     .   (no cloak)
rCorr    .         Rampage  .   (no gloves)
Will     .....     NoTele   +   (no boots)
Stlth    ++........             (no amulet)
HPRegen  0.05/turn              z - +6 ring of intelligence
MPRegen  0.15/turn              A - +6 ring of intelligence

@: no status effects
A: no striking features
a: Renounce Religion


You were in the Dungeon.
You worshipped Sif Muna.
Sif Muna was noncommittal.
You visited 1 branch

Inventory:

Hand Weapons
 D - the +6 Majin-Bo (weapon) {vamp, MP+6 Int+6}
   (You found it in the Dungeon)

   It inflicts no extra harm, but heals its wielder when it wounds a living foe.
   It affects your intelligence (+6).
   It affects your magic capacity (+6).
Armour
 a - a +0 robe (worn)
 b - a +3 buckler
Jewellery
 w - an uncursed ring of flight
 x - a +6 ring of dexterity
 y - a +6 ring of dexterity
 z - a +6 ring of intelligence (left hand)
 A - a +6 ring of intelligence (right hand)
 B - a +6 ring of strength
 C - a +6 ring of strength
Wands
 t - a wand of disintegration (7)
 u - a wand of iceblast (7)
 v - a wand of acid (7)
Scrolls
 h - 4 scrolls of blinking
 n - 4 scrolls of amnesia
 o - 7 scrolls of fog
 p - a scroll of holy word
 q - 5 scrolls of identify
 r - 5 scrolls of remove curse
 s - 2 scrolls of fear
Potions
 c - 10 potions of curing
 d - 10 potions of heal wounds
 e - 6 potions of haste
 f - 7 potions of magic
 g - 3 potions of berserk rage
 i - 2 potions of brilliance
 j - 2 potions of invisibility
 k - 4 potions of resistance
 m - 5 potions of might


   Skills:
 + Level 2.4 Dodging
 + Level 2.4 Stealth
 * Level 6.3 Spellcasting
 + Level 1.1 Conjurations
 * Level 6.8 Air Magic


You had 10 spell levels left.
You knew the following spells:

 Your Spells              Type           Power        Failure   Level
a - Shock                 Conj/Air       100%         1%          1
b - Swiftness             Air            58%          1%          2

Your spell library contained the following spells:

 Spells                   Type           Power        Failure   Level
 Static Discharge         Conj/Air       40%          1%          3
 Airstrike                Air            29%          1%          4
 Lightning Bolt           Conj/Air       20%          17%         5


Dungeon Overview and Level Annotations

Branches:
Dungeon (1/1)

Altars:
Ashenzari
Cheibriados
Dithmenos
Elyvilon
Fedhas
Gozag
Hepliaklqana
Kikubaaqudgha
Makhleb
Nemelex Xobeh
Okawaru
Qazlal
Ru
Sif Muna
Trog
Uskayaw
Vehumet
Wu Jian
Xom
Yredelemnul
Zin
The Shining One
Beogh
Jiyva
Lugonu

Annotations:
D 1 transporter


Message History

There is a transporter here.
Welcome to arena 1.
You enter the transporter and appear at another place. 2 merfolk come into view.
Found a +2 shortbow of flaming and an uncursed staff of conjuration.
Found a transporter.
Cast which spell? (? or * to list)
Aiming: Shock (safe; 1% risk of failure)
Press: ? - help, Shift-Dir - straight line, f - merfolk
Aim: a merfolk, wielding a +0 trident and quivering 8 boomerangs (asleep, 0% to evade)
The zap hits the merfolk but does no damage.
The merfolk shouts! x2
The merfolk throws a boomerang.
The boomerang hits you.
The weapon returns to the merfolk!
The merfolk throws a boomerang.
The boomerang completely misses you.
The weapon returns to the merfolk!
You take 5 damage, and have 10/15 hp.
MASSIVE DAMAGE!!
You now have 16/17 mp.
The merfolk barely misses you.
The merfolk hits you from afar with a +0 trident!
Ouch! That really hurt!
You die...

▓▓▓▓▓▓▓
▓.8©8.▓
▓.....▓
▓.m.m.▓
▓.....▓
▓..@..▓
▓..©..▓
▓▓▓▓▓▓▓


You could see 2 merfolk.

Vanquished Creatures (others)
  A large abomination (D)
  A smoke demon (D)
2 creatures vanquished.

Notes
Turn   | Place    | Note
-------+----------+-------------------------------------------
     0 | D        | tatocazan the Deep Elf Air Elementalist began the quest for
                  | the Orb.
     0 | D        | Reached XP level 1. HP: 10/10 MP: 6/6
     2 | D        | Found a blossoming altar of Fedhas.
     3 | D        | Found the +6 Majin-Bo {vamp, MP+6 Int+6}
     3 | D        | Found the +9 heavy crossbow "Sniper" {vorpal, Acc+∞ SInv}
     3 | D        | Found the +10 dark maul {vorpal}
     3 | D        | Found the +15 Maxwell's patent armour {-Cast -Tele rElec
                  | Will+ rCorr}
     3 | D        | Found the +18 shield of the Gong {rElec rN+ Will+ EV-5}
     3 | D        | Found the cursed +14 obsidian axe {vorpal, +Fly SInv
                  | *Curse}
     3 | D        | Found the +7 great mace "Firestarter" {inner flame, rF++}
     3 | D        | Found the +6 shillelagh "Devastator" {shatter}
     3 | D        | Found the +11 plutonium sword {*Contam Stlth-}
     3 | D        | Found the +8 lance "Wyrmbane" {slay drac, rPois rF+ rC+
                  | AC+3}
     3 | D        | Found the +9 sword of Zonguldrok {reap}
     3 | D        | Found the cursed +13 scythe of Curses {drain, *Curse}
     3 | D        | Found the +5 sword of Power {vorpal}
     3 | D        | Found the +7 mace of Variability {chain chaos}
     3 | D        | Found the +7 Singing Sword {vorpal, sonic wave}
     3 | D        | Found the +8 storm bow {elec, penet}
     6 | D        | Found a shimmering blue altar of Sif Muna.
     6 | D        | Found a sacrificial altar of Ru.
     6 | D        | Found a bloodstained altar of Trog.
     6 | D        | Found a stormy altar of Qazlal.
     6 | D        | Found an iron altar of Okawaru.
     6 | D        | Found a sparkling altar of Nemelex Xobeh.
     8 | D        | Found a transporter.
     8 | D        | Found an ancient bone altar of Kikubaaqudgha.
     8 | D        | Found a viscous altar of Jiyva.
     8 | D        | Found a corrupted altar of Lugonu.
     8 | D        | Found a hazy altar of Hepliaklqana.
     8 | D        | Found a burning altar of Makhleb.
     8 | D        | Found an opulent altar of Gozag.
    10 | D        | Banished a spatial maelstrom
    13 | D        | Banished a spatial maelstrom
    18 | D        | Banished a spatial maelstrom
    59 | D        | Became a worshipper of Sif Muna the Loreminder
    68 | D        | Reached XP level 2. HP: 15/15 MP: 11/11
    73 | D        | Killed a smoke demon
    76 | D        | Killed a large abomination
   101 | D        | Learned a level 2 spell: Swiftness
   106 | D        | Entered arena 2.
   106 | D        | Noticed a merfolk
   106 | D        | Noticed a merfolk
   106 | D        | Found a transporter.
   108 | D        | Mangled by a merfolk

Illustrated notes

Levels and vault maps discovered:
D:        sprint_v [room_start, room_1, room_2, room_3, room_4, room_5, room_6,
          room_7, room_8, room_9, room_10, room_11, room_12, room_13, room_14,
          room_15, room_16, room_17, room_18, room_19, room_20, room_21,
          room_22, room_23, room_24, room_25, room_26, room_27]

Skill      XL: |  1 |
---------------+----+-----
Spellcasting   | 6 |  6.3
Air Magic      | 6 |  6.8
Dodging        | |  2.4
Stealth        | |  2.4
Conjurations   | |  1.1

Action                   || total
-------------------------++-------
 Cast: Shock             ||     1
  Use: Potion            ||     1
Dodge: Dodged            ||     2

Table legend: (Time is in decaauts)
 A = Elapsed time spent in this place.
 B = Non-inter-level travel time spent in this place.
 C = Inter-level travel time spent in this place.
 D = Time resting spent in this place.
 E = Time spent auto-exploring this place.
 F = Levels seen in this place.
 G = Mean time per level.
                   A        B        C        D        E       F      G
               +--------+--------+--------+--------+--------+-----+--------+
         Total |    106 |    106 |      0 |     29 |      0 |   1 |  106.0 |
       Dungeon |    106 |    106 |      0 |     29 |      0 |   1 |  106.0 |
               +--------+--------+--------+--------+--------+-----+--------+

Top non-repeatable levels by time:
       D: 106 daAuts
